 Dungeon Crawl Stone Soup version 0.31.0-11-ge490571c62 (webtiles) character file.

Game seed: 11522305986037669262

23 qw the Shooter (level 2, -1/16 HPs)
             Began as a Deep Elf Hunter on Feb 4, 2024.
             Succumbed to their own poison gas
             ... on level 1 of the Dungeon.
             The game lasted 00:00:01 (800 turns).

qw the Shooter (Deep Elf Hunter)                     Turns: 800, Time: 00:00:02

Health: -1/16      AC:  3    Str:  8    XL:     2   Next: 75%
Magic:  4/4        EV: 12    Int: 13    God:
Gold:   34         SH:  0    Dex: 18    Spells: 1/1 levels left

rFire   . . .        d - +0 arbalest (freeze)
rCold   . . .        (shield currently unavailable)
rNeg    . . .        c - +0 leather armour
rPois   .            (no helmet)
rElec   .            (no cloak)
rCorr   .            (no gloves)
SInv    .            (no boots)
Will    .....        (no amulet)
Stlth   ++           (no ring)
HPRegen 0.22/turn    (no ring)
MPRegen 0.09/turn

%: no passive effects
@: lethally poisoned (-1 -> -15)
A: no striking features
a: no special abilities


You were on level 1 of the Dungeon.
You visited 1 branch of the dungeon, and saw 1 of its levels.

You collected 34 gold pieces.


   Skills:
 - Level 1.5 Fighting
 + Level 6.5 Ranged Weapons
 - Level 2.4 Dodging
 - Level 1.2 Stealth


You had one spell level left.
You didn't know any spells.
Your spell library was empty.

Inventory:

Hand Weapons
 d - a +0 arbalest of freezing (weapon)
Armour
 c - a +0 leather armour (worn)
Potions
 a - a potion of curing
 f - a potion of haste {unknown}
 h - a potion of degeneration {unknown}
 j - a potion of lignification {unknown}

Dungeon Overview and Level Annotations

Branches:
Dungeon (1/15)

Altars:


Message History

You see here 3 stones.
Done exploring.
Enter note: Done exploring.
794 ||| READING scroll labelled EBIRRO UX RIA.
The air fills with toxic fumes!
As you read the scroll labelled EBIRRO UX RIA, it crumbles to dust.
It was a scroll of poison.
Done exploring.
795 ||| READING scroll labelled HEYNGU MATREI.
As you read the scroll labelled HEYNGU MATREI, it crumbles to dust.
You feel momentarily disoriented.
It was a scroll of revelation.
Done exploring.
796 ||| READING scroll labelled NOLACVAEBE.
As you read the scroll labelled NOLACVAEBE, it crumbles to dust.
It is a scroll of brand weapon.
796 ||| BRANDING +0 arbalest.
Your +0 arbalest is covered with a thin layer of ice!
d - a +0 arbalest of freezing (weapon)
Done exploring.
797 ||| DRINKING 2 metallic cyan potions.
It was a potion of curing.
You feel better.
Done exploring.
798 ||| DROPPING scroll of butterflies.
You drop a scroll of butterflies.
Done exploring.
What level of the Dungeon? (default 1, ? - help) Sorry, I don't know how to get there.
Enter note:
Enter note:
Enter note:
Enter note:
Enter note:
Enter note:
Enter note:
Enter note:
Enter note: You are engulfed in poison gas.
You are lethally poisoned!
Ouch! That really hurt!
You feel very sick.
800 ||| Stepping ~*~*~tactically~*~*~ (cloud).
You die...

#..# #.##.##.###....#.###.##
##..####.##.##...........#.##
##..........................#
###.##############..#######.#
# #.# #########..#### #.# #
#.# ##################.# #
#.# #######¤¤........#.####
###.# #######¤########.#....#
..#.# #######@#........####.#
..#.# #######¤#.>.###### #.#
....# #######¤#........# #.##
.####
#######¤#.#.#########... .#
#######¤#.#.#....#....## .#
#######¤#.#.#.#.##..#.# .#
#######¤#.#.#....'..#.# .#
#######.#.#...#..'..#.# .#
##########''#..#.#


There were no monsters in sight!

Vanquished Creatures
  A dart slug (D:1)
  2 ball pythons (D:1)
  5 endoplasms (D:1)
  2 goblins (D:1)
  3 hobgoblins (D:1)
  2 quokkas (D:1)
  4 bats (D:1)
19 creatures vanquished.

Notes
Turn   | Place    | Note
-------+----------+-------------------------------------------
     0 | D:1      | qw the Deep Elf Hunter began the quest for the Orb.
     0 | D:1      | Reached XP level 1. HP: 12/12 MP: 3/3
     0 | D:1      | 0 ||| qw: Version: 0.3-a-160-g6735b56
     0 | D:1      | 0 ||| qw: Game counter: 5775
     0 | D:1      | 0 ||| qw: Melee chars always use a shield: true
     0 | D:1      | 0 ||| qw: God list: Okawaru
     0 | D:1      | 0 ||| qw: Allow faded altars: false
     0 | D:1      | 0 ||| qw: Do Orc after clearing Dungeon:15 true
     0 | D:1      | 0 ||| qw: Do second Lair branch before Depths: true
     0 | D:1      | 0 ||| qw: Lair rune preference: random
     0 | D:1      | 0 ||| qw: Goals: Normal
     0 | D:1      | 0 ||| PLANNING D:1-11
   101 | D:1      | 101 ||| SWAPPING to +0 arbalest.
   103 | D:1      | 103 ||| DROPPING +0 shortbow.
   157 | D:1      | Reached XP level 2. HP: 16/16 MP: 4/4
   159 | D:1      | Reached skill level 6 in Ranged Weapons
   794 | D:1      | 794 ||| READING scroll labelled EBIRRO UX RIA.
   795 | D:1      | 795 ||| READING scroll labelled HEYNGU MATREI.
   796 | D:1      | 796 ||| READING scroll labelled NOLACVAEBE.
   796 | D:1      | 796 ||| BRANDING +0 arbalest.
   797 | D:1      | 797 ||| DRINKING 2 metallic cyan potions.
   798 | D:1      | 798 ||| DROPPING scroll of butterflies.
   799 | D:1      | HP: 2/16 [poisoned by you (poison gas)]
   800 | D:1      | 800 ||| Stepping ~*~*~tactically~*~*~ (cloud).
   800 | D:1      | Succumbed to their own poison gas

Levels and vault maps discovered:
D:1:      hellmonk_arrival_library, layout_loops_ring

Skill      XL: |  1  2 |
---------------+-------+-----
Ranged Weapons | 6 |  6.5
Fighting       | |  1.5
Dodging        | |  2.4
Stealth        | |  1.2

Action                     || total
---------------------------++-------
   Fire: Arbalest          ||    36
         Shortbow          ||     8
    Use: Scroll            ||     3
         Potion            ||     1
 Armour: Leather armour    ||    17
  Dodge: Dodged            ||    21

Table legend:
 A = Non-vault XP
 B = Vault XP
 C = Vault XP percentage of total XP
 D = Non-vault monster count
 E = Vault monster count
 F = Vault count percentage of total count
                 A         B        C        D         E       F
            +---------+---------+-------+---------+---------+-------
      Total |      34 |       0 |   0.0 |      19 |       0 |   0.0
            +---------+---------+-------+---------+---------+-------
        D:1 |      34 |       0 |   0.0 |      19 |       0 |   0.0
            +---------+---------+-------+---------+---------+-------
